 Dungeon Crawl Stone Soup version 0.31.0-11-ge490571c62 (webtiles) character file.

Game seed: 12289871371986661315

836 qw the Skirmisher (level 7, -3/35 HPs)
             Began as a Spriggan Hunter on Feb 5, 2024.
             Slain by a ribbon worm (6 damage)
             ... on level 5 of the Dungeon.
             The game lasted 00:00:12 (2640 turns).

qw the Skirmisher (Spriggan Hunter)                 Turns: 2640, Time: 00:00:13

Health: -3/35      AC:  2    Str:  7    XL:     7   Next: 66%
Magic:  8/8        EV: 23    Int: 10    God:
Gold:   276        SH:  0    Dex: 21    Spells: 6/6 levels left

rFire   . . .        g - +3 shortbow (flame)
rCold   . . .        (shield currently unavailable)
rNeg    . . .        c - +0 robe
rPois   .            (helmet restricted)
rElec   .            (no cloak)
rCorr   .            (gloves unavailable)
SInv    +            (boots unavailable)
Will    +....        i - amulet of faith
Stlth   ++           (no ring)
HPRegen 0.25/turn    (no ring)
MPRegen 0.11/turn

%: faith
@: about to teleport, very quick
A: very small, no large weapons, unfitting armour, see invisible, speed 3
a: no special abilities


You were on level 5 of the Dungeon.
You visited 1 branch of the dungeon, and saw 5 of its levels.

You collected 276 gold pieces.


Innate Abilities, Weirdness & Mutations

You are very small and have problems with some larger weapons.
You are too small for most types of armour.
You have supernaturally acute eyesight. (SInv)
You cover ground extremely quickly. (Speed+++)


   Skills:
 - Level 2.0 Fighting
 - Level 8.0 Ranged Weapons
 + Level 7.2 Dodging
 - Level 1.5 Stealth


You had 6 spell levels left.
You didn't know any spells.
Your spell library was empty.

Inventory:

Hand Weapons
 g - a +3 shortbow of flaming (weapon)
Armour
 c - a +0 robe (worn)
 j - a +2 cloak
Jewellery
 h - a ring of fire
 i - an amulet of faith (around neck)
Wands
 d - a wand of flame (7)
 k - a wand of light (2)
Scrolls
 e - 2 scrolls of teleportation
 f - 2 scrolls of identify
Potions
 a - a potion of enlightenment
 b - 4 potions of curing

Dungeon Overview and Level Annotations

Branches:
Dungeon (5/15)
 Temple: D:4-7

Altars:
Gozag
Makhleb

Shops:
D:2 :

Annotations:
D:3 exclusion: iron imp


Message History

The ribbon worm bites you.
The ribbon worm expels a string of sticky webbing.
The stream of webbing hits you but does no damage.
You are even more entangled.
The ribbon worm closely misses you. The ribbon worm bites you.
The ribbon worm expels a string of sticky webbing.
The stream of webbing misses you. The ribbon worm barely misses you.
The ribbon worm bites you. The ribbon worm misses you.
The ribbon worm bites you!
The ribbon worm expels a string of sticky webbing.
The stream of webbing misses you.
Enter note:
Enter note:
Enter note:
Enter note:
Enter note:
Enter note:
Enter note:
Enter note:
Enter note:
Enter note:
Enter note:
Enter note:
Enter note:
Enter note:
Enter note:
Enter note:
Enter note:
Enter note:
Enter note:
Enter note: The web tears apart.
The ribbon worm bites you!
2640 ||| READING 3 scrolls of teleportation.
As you read the scroll of teleportation, it crumbles to dust.
You feel strangely unstable. The ribbon worm closely misses you.
The ribbon worm bites you.
You die...

#########
#.......#######
#..####.......#
#.#####.#
#.#.....##########
#@#.##............
.....www#.###.#########.
......ww#.....# #.
..^^..#.####### #.
^^>..^#.. #. .^^..####
#. ....# #.# #. #.## #.#
#. #+# #.# #.


You could see 5 ribbon worms.

Vanquished Creatures
  Eustachio (D:5)
  2 ogres
  A phantom (D:5)
  A scorpion (D:5)
  A howler monkey (D:5)
  A hound (D:5)
  A jelly (D:4)
  A bombardier beetle (D:4)
  An iguana (D:4)
  Ijyb (D:5)
  A sleepcap (D:5)
  7 adders
  2 shadow imps (D:4)
  4 dart slugs
  7 ribbon worms
  4 orcs (D:5)
  7 endoplasms
  4 giant cockroaches
  8 goblins
  5 hobgoblins
  4 jackals
  5 kobolds
  6 quokkas
  6 ball pythons
  3 bats
  3 frilled lizards
  3 rats
90 creatures vanquished.

Notes
Turn   | Place    | Note
-------+----------+-------------------------------------------
     0 | D:1      | qw the Spriggan Hunter began the quest for the Orb.
     0 | D:1      | Reached XP level 1. HP: 10/10 MP: 2/2
     0 | D:1      | 0 ||| qw: Version: 0.3-a-160-g6735b56
     0 | D:1      | 0 ||| qw: Game counter: 6164
     0 | D:1      | 0 ||| qw: Melee chars always use a shield: true
     0 | D:1      | 0 ||| qw: God list: Okawaru
     0 | D:1      | 0 ||| qw: Allow faded altars: false
     0 | D:1      | 0 ||| qw: Do Orc after clearing Dungeon:15 true
     0 | D:1      | 0 ||| qw: Do second Lair branch before Depths: true
     0 | D:1      | 0 ||| qw: Lair rune preference: random
     0 | D:1      | 0 ||| qw: Goals: Normal
     0 | D:1      | 0 ||| PLANNING D:1-11
    40 | D:1      | Reached skill level 3 in Dodging
    64 | D:1      | Reached XP level 2. HP: 14/14 MP: 3/3
   418 | D:1      | 418 ||| READING 4 scrolls labelled TIPOME YRUKKOL.
   418 | D:1      | 418 ||| IDENTIFYING scroll labelled HENUTA MYQATAH
   419 | D:1      | 419 ||| READING 3 scrolls of identify.
   419 | D:1      | 419 ||| IDENTIFYING scroll labelled QIAFRATATUS
   420 | D:1      | 420 ||| READING 2 scrolls of identify.
   420 | D:1      | 420 ||| IDENTIFYING scroll labelled SEUNYBRESUIKH
   420 | D:1      | Identified a scroll of acquirement
   421 | D:1      | 421 ||| READING scroll of acquirement.
   421 | D:1      | 421 ||| ACQUIRING +2 shortbow of flaming
   421 | D:1      | Acquired a +2 shortbow of flaming
   423 | D:1      | 423 ||| SWAPPING to +2 shortbow of flaming.
   424 | D:1      | 424 ||| DROPPING +0 shortbow.
   425 | D:1      | 425 ||| READING scroll of identify.
   425 | D:1      | 425 ||| IDENTIFYING scroll labelled VYEKKU SIRCH
   426 | D:1      | 426 ||| READING scroll of enchant weapon.
   426 | D:1      | 426 ||| ENCHANTING +2 shortbow of flaming.
   427 | D:1      | 427 ||| READING scroll labelled NOTYR UWKI.
   428 | D:1      | 428 ||| DROPPING scroll of butterflies.
   429 | D:1      | 429 ||| DROPPING scroll of vulnerability.
   505 | D:2      | Reached XP level 3. HP: 18/18 MP: 4/4
   589 | D:2      | HP: 4/18 [poisoned by an adder]
   683 | D:2      | Reached skill level 5 in Ranged Weapons
   737 | D:2      | Reached XP level 4. HP: 22/22 MP: 5/5
   748 | D:2      | Found a faded altar of an unknown god.
  1287 | D:2      | Found Xommien's Vocational Training.
  1298 | D:2      | 1298 ||| READING scroll of identify.
  1298 | D:2      | 1298 ||| IDENTIFYING 2 black potions
  1299 | D:2      | 1299 ||| READING scroll labelled EQAONW QAN UTSUF.
  1300 | D:2      | 1300 ||| READING scroll labelled VAPROPS LOHOI.
  1552 | D:3      | Found a burning altar of Makhleb.
  1739 | D:4      | Reached XP level 5. HP: 26/26 MP: 6/6
  1755 | D:4      | Noticed an ogre
  1761 | D:4      | Killed an ogre
  1762 | D:4      | Reached skill level 6 in Ranged Weapons
  1762 | D:4      | Reached XP level 6. HP: 30/30 MP: 7/7
  1891 | D:4      | Found an opulent altar of Gozag.
  2162 | D:4      | 2162 ||| UPGRADING to amulet of faith.
  2167 | D:4      | 2167 ||| READING 2 scrolls of identify.
  2167 | D:4      | 2167 ||| IDENTIFYING fizzy black potion
  2168 | D:4      | 2168 ||| READING scroll of identify.
  2168 | D:4      | 2168 ||| IDENTIFYING coppery potion
  2169 | D:4      | 2169 ||| READING scroll labelled TOL KEOLOYTRO.
  2170 | D:4      | 2170 ||| DROPPING potion of brilliance.
  2172 | D:4      | 2172 ||| Stepping ~*~*~tactically~*~*~ (cloud).
  2253 | D:5      | Entered Level 5 of the Dungeon
  2418 | D:5      | Reached skill level 6 in Dodging
  2419 | D:5      | Noticed Ijyb
  2424 | D:5      | Killed Ijyb
  2505 | D:5      | Noticed Eustachio
  2508 | D:5      | 2508 ||| ZAPPING wand of light (8) at 0,-1 (Eustachio;
                  | floor).
  2509 | D:5      | 2509 ||| ZAPPING wand of light (7) at 0,-1 (Eustachio;
                  | floor).
  2510 | D:5      | 2510 ||| ZAPPING wand of light (6) at 0,-1 (Eustachio;
                  | floor).
  2511 | D:5      | 2511 ||| ZAPPING wand of light (5) at 0,-1 (Eustachio;
                  | floor).
  2512 | D:5      | 2512 ||| ZAPPING wand of light (4) at 0,-1 (Eustachio;
                  | floor).
  2513 | D:5      | 2513 ||| ZAPPING wand of light (3) at 0,-1 (Eustachio;
                  | floor).
  2513 | D:5      | Killed Eustachio
  2514 | D:5      | Reached skill level 7 in Ranged Weapons
  2514 | D:5      | Reached XP level 7. HP: 35/35 MP: 8/8
  2629 | D:5      | Reached skill level 8 in Ranged Weapons
  2639 | D:5      | HP: 2/35 [ribbon worm (7)]
  2640 | D:5      | 2640 ||| READING 3 scrolls of teleportation.
  2640 | D:5      | Slain by a ribbon worm

Levels and vault maps discovered:
D:1:      sevenhm_arrival_forest_fort_small_3, layout_rooms
D:2:      kb_forest_paths, layout_basic, dreamdust_ecumenical_altar_grove,
          nicolae_shop_vocational
D:3:      layout_basic, demons_altar, nicolae_the_louvre
D:4:      layout_rooms, mainiacjoe_overflow_cross_hatched
D:5:      layout_basic, serial_bayou_pond_b, nicolae_wormholes, uniq_eustachio,
          uniq_ijyb

Skill      XL: |  1  2  3  4  5  6  7 |
---------------+----------------------+-----
Dodging        | 3 4 5 6 7 |  7.2
Ranged Weapons | 5 6 7 8 |  8.0
Fighting       | 2 |  2.0
Stealth        | |  1.5

Action                     |  1- 3 |  4- 6 |  7- 9 || total
---------------------------+-------+-------+-------++-------
   Fire: Shortbow          |    68 |   128 |    18 ||   214
  Evoke: Wand              |       |     6 |       ||     6
    Use: Scroll            |     7 |     6 |     1 ||    14
 Armour: Robe              |    11 |     3 |     8 ||    22
  Dodge: Dodged            |    25 |    16 |    12 ||    53

Table legend:
 A = Non-vault XP
 B = Vault XP
 C = Vault XP percentage of total XP
 D = Non-vault monster count
 E = Vault monster count
 F = Vault count percentage of total count
                 A         B        C        D         E       F
            +---------+---------+-------+---------+---------+-------
      Total |     895 |     300 |  25.1 |      78 |      12 |  13.3
            +---------+---------+-------+---------+---------+-------
        D:1 |      39 |       0 |   0.0 |      20 |       0 |   0.0
        D:2 |      83 |      35 |  29.7 |      21 |       6 |  22.2
        D:3 |      36 |       0 |   0.0 |      13 |       0 |   0.0
        D:4 |     291 |       0 |   0.0 |      15 |       0 |   0.0
        D:5 |     446 |     265 |  37.3 |       9 |       6 |  40.0
            +---------+---------+-------+---------+---------+-------
